 Dungeon Crawl Stone Soup version 0.30.1 (webtiles) character file.

Game seed: 1957443998988388562

66 FallenXxXSky the Chopper (level 4, -2/35 HPs)
             Began as a Human Monk on July 8, 2023.
             Slain by an orc
             ... wielding a +2 flail of protection
              (7 damage)
             ... on level 3 of the Dungeon.
             The game lasted 00:01:42 (1345 turns).

FallenXxXSky the Chopper (Human Monk)               Turns: 1345, Time: 00:01:42

Health: -2/35      AC: 10    Str: 13    XL:     4   Next: 37%
Magic:  4/4        EV:  4    Int: 11    God:
Gold:   61         SH:  0    Dex: 15    Spells: 3/3 levels left

rFire   . . .        a - +0 hand axe
rCold   . . .        d - orb {light}
rNeg    . . .        f - +0 plate armour
rPois   .            (no helmet)
rElec   .            (no cloak)
rCorr   .            (no gloves)
SInv    .            (no boots)
Will    .....        q - amulet of the acrobat Stlth
                     (no ring)
HPRegen 0.25/turn    (no ring)
MPRegen 0.09/turn

%: acrobat
@: glowing
A: no striking features
a: no special abilities


You were on level 3 of the Dungeon.
You visited 1 branch of the dungeon, and saw 3 of its levels.

You collected 61 gold pieces.

Inventory:

Hand Weapons
 a - a +0 hand axe (weapon)
Armour
 b - a +0 robe
 d - an orb of light (worn)
 f - a +0 plate armour (worn)
Jewellery
 o - a ring of wizardry
 q - an amulet of the acrobat (around neck)
Scrolls
 e - a scroll of summoning {unknown}
 i - a scroll of blinking {unknown}
 k - 2 scrolls of identify {unknown}
 p - a scroll of teleportation {unknown}
Potions
 c - a potion of ambrosia
 g - a potion of cancellation {unknown}
 h - a potion of magic {unknown}
 j - 2 potions of curing {unknown}
 l - 2 potions of haste {unknown}
 m - a potion of might {unknown}
 n - a potion of mutation {unknown}
 r - a potion of lignification {unknown}
 s - a potion of invisibility {unknown}
 t - a potion of flight {unknown}


   Skills:
 - Level 3.0 Fighting
 * Level 4.3 Axes
 + Level 1.9 Armour
 - Level 3.0 Dodging


You had 3 spell levels left.
You didn't know any spells.
Your spell library contained the following spells:

 Spells                   Type           Power      Damage    Failure   Level
 Apportation              Tloc           0%         N/A       100%        1
 Alistair's Intoxication  Tmut/Pois      0%         N/A       100%        5


Dungeon Overview and Level Annotations

Branches:
Dungeon (3/15)

Altars:

Shops:
D:1 :


Message History

You hit the orc but do no damage. The orc completely misses you.
The orc hits you but does no damage.
You hit the orc.
The orc is lightly wounded.
You hit the orc but do no damage. The orc hits you but does no damage.
The orc hits you with a +0 war axe. The orc hits you but does no damage.
You hit the orc but do no damage.
The orc is lightly wounded.
You hit the orc but do no damage. The orc hits you but does no damage.
The orc hits you from afar with a +0 trident.
The orc hits you with a +0 flail.
You hit the orc but do no damage.
The orc is lightly wounded.
You barely miss the orc. The orc hits you but does no damage. x3
You barely miss the orc.
The orc is lightly wounded.
You hit the orc but do no damage. The orc hits you but does no damage.
The orc barely misses you. The orc hits you but does no damage.
The orc hits you with a +0 flail. The orc hits you but does no damage.
You barely miss the orc. You hit the orc but do no damage.
The orc hits you with a +0 flail. The orc barely misses you. x2
You hit the orc but do no damage. x2; The orc hits you but does no damage.
The orc hits you from afar with a +0 trident.
The orc hits you with a +2 flail of protection.
You hit the orc.
The orc is heavily wounded.
You hit the orc but do no damage. The orc hits you but does no damage.
The orc barely misses you. The orc hits you but does no damage.
You hit the orc but do no damage.
The orc is heavily wounded.
You hit the orc but do no damage. The orc hits you but does no damage.
The orc barely misses you. The orc hits you with a +0 flail.
* * * LOW HITPOINT WARNING * * *
You hit the orc.
The orc is severely wounded.
You hit the orc but do no damage. The orc hits you with a +0 flail.
* * * LOW HITPOINT WARNING * * *
The orc hits you but does no damage.
The orc hits you with a +2 flail of protection!
You die...

..(. .... #..# ..#
# #.. .. #.##.##
..# ##.#.#...##.##
#...ooo#.....# #
#@..##(.#####
#..#.##..†........
#.......†..).###
#.##..#..###.#
#.#...# # #.###..#
..# ##.# #.# ##. #
#


You could see 3 orcs.

Vanquished Creatures
  An orc priest (D:3)
  A gnoll (D:2)
  A worm (D:3)
  A ball python (D:1)
  2 bats
  2 endoplasms
  3 giant cockroaches
  3 hobgoblins
  2 jackals (D:1)
  A kobold (D:2)
  2 goblins
  2 rats
21 creatures vanquished.

Notes
Turn   | Place    | Note
-------+----------+-------------------------------------------
     0 | D:1      | FallenXxXSky the Human Monk began the quest for the Orb.
     0 | D:1      | Reached XP level 1. HP: 18/18 MP: 1/1
   112 | D:1      | Noticed a walking frostbound tome
   112 | D:1      | Noticed a walking crystal tome
   114 | D:1      | Found Degam's Book Shop.
   257 | D:1      | Reached XP level 2. HP: 24/24 MP: 2/2
   907 | D:2      | Reached skill level 1 in Armour
   907 | D:2      | Reached XP level 3. HP: 25/29 MP: 3/3
  1336 | D:3      | Reached skill level 4 in Axes
  1336 | D:3      | Reached XP level 4. HP: 33/35 MP: 4/4
  1345 | D:3      | Slain by an orc

Illustrated notes

Levels and vault maps discovered:
D:1:      dpeg_arrival_lava_temple_mockup, layout_basic, serial_shops,
          nicolae_shop_mannequins
D:2:      layout_loops_ring
D:3:      layout_loops_ring, mainiacjoe_overflow_six_doors_small, serial_shops,
          nicolae_shop_real_fake_doors, uniq_robin

Skill      XL: |  1  2  3 |
---------------+----------+-----
Armour         | 1 |  1.9
Axes           | 4 |  4.3
Fighting       | |  3.0
Dodging        | |  3.0

Action                     |  1- 3 |  4- 6 || total
---------------------------+-------+-------++-------
  Melee: Hand axe          |    74 |    10 ||    84
 Armour: Plate armour      |    57 |    15 ||    72
  Dodge: Dodged            |    18 |     6 ||    24
